 Dungeon Crawl Stone Soup version 0.31-a0-848-gaac375c287 (webtiles) character file.

Game seed: 16903630316824112178

90928 Armakuni the Devastator (level 16, -14/109 HPs)
             Began as a Human Artificer on Sept 30, 2023.
             Was the Champion of Vehumet.
             Shot with an arrow by a deep elf archer (17 damage)
             ... on level 14 of the Dungeon on Oct 4, 2023.
             The game lasted 01:43:38 (23390 turns).

Armakuni the Devastator (Human Artificer)          Turns: 23390, Time: 01:43:38

Health: -14/109    AC: 12    Str: 18    XL:     16   Next: 48%
Magic:  9/30       EV: 13    Int: 25    God:    Vehumet [******]
Gold:   1365       SH:  5    Dex: 15    Spells: 16/35 levels left

rFire   . . .        a - +11 hand axe "Zapuwn" {heavy, rC+ Int+3}
rCold   + . .        b - +0 buckler
rNeg    + . .        n - +2 troll leather armour
rPois   +            C - +2 hat {Will+}
rElec   .            j - scarf {repulsion}
rCorr   .            Q - +0 pair of gloves
SInv    +            g - +2 pair of boots
Will    ++...        M - amulet of magic regeneration
Stlth   +            W - ring of Suwosaah {rPois rN+ Str+3 SInv}
HPRegen 1.18/turn    I - +6 ring of intelligence
MPRegen 0.62/turn

%: repel missiles
@: slightly contaminated, slowed, very slow
A: no striking features
a: Renounce Religion


You were on level 14 of the Dungeon.
You worshipped Vehumet.
Vehumet was exalted by your worship.
You visited 4 branches of the dungeon, and saw 22 of its levels.
You also visited: Ossuary, Bailey and Ice Cave.

You collected 2586 gold pieces.
You spent 1221 gold pieces at shops.

Inventory:

Hand Weapons
 a - the +11 hand axe "Zapuwn" (weapon) {heavy, rC+ Int+3}
   (You bought it in a shop on level 3 of the Dungeon)

   Int+3:     It affects your intelligence (+3).
   rC+:       It protects you from cold.
Missiles
 y - 4 curare-tipped darts (quivered)
 U - 4 throwing nets
Armour
 b - a +0 buckler (worn)
 g - a +2 pair of boots (worn)
 j - a scarf of repulsion (worn)
 n - a +2 troll leather armour (worn)
 C - a +2 hat of willpower (worn)
 Q - a +0 pair of gloves (worn)
Jewellery
 A - an amulet of the acrobat
 F - a ring of fire
 I - a +6 ring of intelligence (right hand)
 M - an amulet of magic regeneration (around neck)
 V - a ring of see invisible
 W - the ring of Suwosaah (left hand) {rPois rN+ Str+3 SInv}
   (You took it off a centaur on level 10 of the Dungeon)

   [ring of see invisible]

   Str+3:     It affects your strength (+3).
   rPois:     It protects you from poison rN+: It protects you from negative
   energy.
   SInv:      It lets you see invisible.
Wands
 k - a wand of digging (19)
 p - a wand of polymorph (8)
 r - a wand of paralysis (15)
 t - a wand of roots (12)
 v - a wand of flame (15)
Scrolls
 c - 2 scrolls of summoning
 d - 3 scrolls of identify
 h - 7 scrolls of teleportation
 s - 2 scrolls of poison
 u - a scroll of fear
 w - 9 scrolls of blinking
 x - a scroll of revelation
 B - 8 scrolls of amnesia
 L - 3 scrolls of enchant weapon
 S - 2 scrolls of noise
 Z - 2 scrolls of immolation
Potions
 e - 15 potions of curing
 i - a potion of magic
 m - 7 potions of heal wounds
 o - 7 potions of brilliance
 q - 4 potions of mutation
 z - 4 potions of lignification
 E - 5 potions of haste
 K - 2 potions of enlightenment
 O - 2 potions of attraction
 P - 4 potions of ambrosia
 X - 2 potions of cancellation
Miscellaneous
 f - a phial of floods
 l - a box of beasts


   Skills:
 - Level 5.0 Fighting
 - Level 2.3(8.2) Axes
 - Level 12.2(12.3) Maces & Flails
 - Level 5.0 Armour
 - Level 5.0 Dodging
 - Level 1.0 Stealth
 - Level 6.0 Shields
 - Level 10.0 Spellcasting
 + Level 15.1 Conjurations
 - Level 8.1 Translocations
 - Level 4.0 Transmutations
 - Level 4.1 Ice Magic
 - Level 4.1 Air Magic
 - Level 10.0 Evocations


You had 16 spell levels left.
You knew the following spells:

 Your Spells              Type           Power      Damage    Failure   Level
a - Apportation           Tloc           100%       N/A       1%          1
b - Blink                 Tloc           100%       N/A       1%          2
i - Irradiate             Conj/Tmut      28%        3d21      1%          5
j - Freezing Cloud        Conj/Ice/Air   25%        6-21      2%          5
l - Lesser Beckoning      Tloc           100%       N/A       1%          2
m - Iskenderun's Mystic   Conj/Tloc      63%        2d13      1%          4

Your spell library contained the following spells:

 Spells                   Type           Power      Damage    Failure   Level
 Arcjolt                  Conj/Air       28%        1d38      1%          5
 Magic Dart               Conj           100%       1d8       0%          1
 Searing Ray              Conj           100%       2d8       0%          2
 Freeze                   Ice            100%       1d10      1%          1
 Shock                    Conj/Air       100%       1d9       1%          1
 Momentum Strike          Conj/Tloc      100%       3d10      1%          2
 Wereblood                Tmut           32%        N/A       1%          2
 Frozen Ramparts          Ice            66%        1d10      1%          3
 Hailstorm                Conj/Ice       57%        3d12      1%          3
 Volatile Blastmotes      Fire/Tloc      64%        2d15      1%          3
 Flame Wave               Conj/Fire      50%        2d12      1%          4
 Fulminant Prism          Conj/Hex       25%        3d14      1%          4
 Sticky Flame             Conj/Fire      50%        2d7       1%          4
 Manifold Assault         Tloc           52%        N/A       2%          4
 Swiftness                Air            33%        N/A       3%          3
 Airstrike                Air            16%        2d(3-19)  3%          4
 Inner Flame              Hex/Fire       12%        N/A       6%          3
 Jinxbite                 Hex            24%        N/A       11%         2
 Sublimation of Blood     Necr           12%        N/A       11%         2
 Petrify                  Tmut/Erth      22%        N/A       30%         4
 Summon Lightning Spire   Summ/Air       22%        N/A       30%         4
 Lee's Rapid Deconstruct  Erth           6%         3d6*      43%         5
 Animate Armour           Summ/Erth      24%        N/A       56%         4
 Alistair's Intoxication  Tmut/Pois      14%        N/A       65%         5
 Metabolic Englaciation   Hex/Ice        11%        N/A       65%         5
 Borgnjor's Vile Clutch   Necr/Erth      6%         N/A       89%         5
 Malign Gateway           Summ/Tloc      16%        N/A       100%        7


Dungeon Overview and Level Annotations

Branches:
Dungeon (14/15)            Temple (1/1) D:6            Lair (5/5) D:10
  Swamp (0/4) Lair:3        Snake (0/4) Lair:2        Slime (0/5) Lair:4
    Orc (2/2) D:9             Elf (0/3) Orc:2       Ossuary (visited)
 Bailey (visited)           IceCv (visited)
 Vaults: D:13-14

Altars:
Ashenzari
Cheibriados
Dithmenos
Elyvilon
Fedhas
Gozag
Hepliaklqana
Kikubaaqudgha
Makhleb
Nemelex Xobeh
Okawaru
Qazlal
Ru
Sif Muna
Trog
Uskayaw
Vehumet
Wu Jian
Xom
Yredelemnul
Zin
The Shining One
Jiyva

Shops:
D:3 !(   D:9 **   Orc:2 =!(*:


Message History

The arrow closely misses the deep elf archer.
The deep elf archer unwields a +0 shortbow.
The deep elf archer wields a +0 short sword.
The deep elf archer hits you with a +0 short sword!
* * * LOW HITPOINT WARNING * * *
The deep elf archer shoots an arrow.
You block the arrow.
You miss the deep elf archer.
The deep elf archer is severely wounded.
The deep elf archer hits you with a +0 short sword.
* * * LOW HITPOINT WARNING * * *
The deep elf archer shoots an arrow.
The arrow hits you!
* * * LOW HITPOINT WARNING * * *
The deep elf archer gestures wildly while chanting.
The deep elf archer blinks!
The deep elf archer shoots an arrow.
You block the arrow.
Casting: Irradiate (mildly dangerous; 1% risk of failure)
Confirm with . or Enter, or press ? or * to list all spells.
Aiming: Freezing Cloud (dangerous; 2% risk of failure)
Press: ? - help, Dir - move target, f/p - deep elf archer
Aim: a deep elf archer, wielding a +0 longbow and wearing a +0 leather armour (severely wounded, repelling missiles)
The deep elf archer is engulfed in freezing vapours.
The deep elf archer points at you and mumbles some strange words.
You resist with almost no effort.
The deep elf archer unwields a +0 short sword.
The deep elf archer wields a +0 shortbow.
The deep elf archer shoots an arrow.
The arrow hits you!
* * * LOW HITPOINT WARNING * * *
Casting: Freezing Cloud (dangerous; 2% risk of failure)
Confirm with . or Enter, or press ? or * to list all spells.
Aiming: Freezing Cloud (dangerous; 2% risk of failure)
Press: ? - help, Dir - move target, f - deep elf archer, p - deep elf archer
Aim: a deep elf archer, wielding a +0 shortbow and wearing a +0 leather armour (heavily wounded, repelling missiles)
The deep elf archer is engulfed in freezing vapours.
You kill the deep elf archer!
Vehumet accepts your kill.
You feel your power returning.
A deep elf zephyrmancer comes into view.
It is wielding a +0 dagger.
The deep elf archer is engulfed in freezing vapours.
The deep elf archer shoots an arrow.
The arrow hits you!
You die...

#..........§§§.........
#.......e.§§§§.........
###'####'##§§#######...
##.###. ##### .. # '....
#...# . #. ... #...# ..
#(# #'### #
##.###e######..#######'##
#..§)°§)@#..........)...#
#..○.§...'..§§§§[.....>.#
##..##...##.§§§###.######
#####...#####§###.######
#§§§.........#.......
#§e§.........'.......
#§§§.........#.......
##...##..##.####'###.
#...##..##.###..##


You could see a deep elf archer (repels missiles) and a deep elf zephyrmancer.

Vanquished Creatures
  Rupert (D:13)
  Gastronok (Lair:2)
  Kirke (Lair:4)
  An orc warlord (Orc:2)
  A fire dragon (Lair:5)
  5 hydras
  4 ogre magi (Orc:2)
  5 boulder beetles
  2 catoblepae (Lair:2)
  A dancing weapon (D:14)
  2 centaur warriors (D:14)
  19 two-headed ogres
  8 death yaks
  2 skysharks (Lair:4)
  A deep elf archer (D:14)
  A lindwurm (Lair:5)
  2 bog bodies (IceCv)
  5 deep elf zephyrmancers (D:14)
  An orc sorcerer (Orc:1)
  2 orc knights
  A salamander (Lair:2)
  2 deep elf pyromancers
  7 cyclopes
  4 manticores
  3 ugly things
  Maurice (D:7)
  5 elephants (Lair:5)
  7 black mambas
  An ice statue (IceCv)
  10 slime creatures
  3 molten gargoyles (Lair:5)
  11 cane toads
  2 rime drakes (Lair:1)
  Jeremiah (D:8)
  7 komodo dragons
  2 kobold demonologists
  A tengu conjurer (D:14)
  5 trolls
  A tarantella (D:14)
  2 hornets (D:8)
  2 polar bears (Lair:4)
  6 dream sheep (Lair:5)
  5 blink frogs (Lair:3)
  A jumping spider (shapeshifter) (D:14)
  34 yaks
  A dire elephant simulacrum (IceCv)
  3 wyverns
  A shadow (D:11)
  A spriggan (Lair:2)
  2 vampires (D:11)
  6 wraiths
  7 basilisks
  3 steam dragons
  2 hogs (Lair:4)
  A human (shapeshifter) (D:14)
  3 death yak simulacra (IceCv)
  5 vampire mosquitoes (D:14)
  5 wargs
  An acid dragon (D:10)
  A harpy simulacrum (IceCv)
  3 hydra simulacra (IceCv)
  A naga (D:8)
  4 hell hounds (Lair:5)
  16 water moccasins
  5 ice beasts
  34 orc warriors
  4 black bears
  35 ogres
  A tengu (D:12)
  11 centaurs
  An elf zombie (D:6)
  8 kobold brigands
  6 gnoll sergeants
  14 bullfrogs
  A cane toad simulacrum (IceCv)
  3 elf skeletons (D:6)
  7 two-headed ogre simulacra (IceCv)
  4 scorpions
  2 water moccasin zombies (Ossuary)
  4 wights (D:9)
  2 elephant simulacra (IceCv)
  5 killer bees (D:9)
  8 howler monkeys
  An electric eel (Lair:3)
  7 lava snakes
  A hound (D:5)
  2 jellies
  22 orc priests
  A gnoll bouda (D:7)
  A human skeleton (D:6)
  3 sleepcaps
  8 iguanas
  30 orc wizards
  4 hell rats (D:10)
  3 spriggan simulacra (IceCv)
  4 polar bear simulacra (IceCv)
  3 troll simulacra (IceCv)
  3 wolf simulacra (IceCv)
  2 mummies (Ossuary)
  28 gnolls
  11 adders
  5 naga simulacra (IceCv)
  A river rat (D:10)
  2 shadow imps (D:6)
  6 white imps
  6 ufetubi (IceCv)
  6 adder zombies (Ossuary)
  A worm (D:2)
  97 orcs
  6 ball pythons
  2 endoplasms
  A giant cockroach (D:1)
  7 goblins
  6 hobgoblins
  7 jackals
  3 quokkas
  7 bats
  4 frilled lizards
  2 hobgoblin zombies (Ossuary)
  43 kobolds
  4 kobold zombies (Ossuary)
  An orc zombie (D:6)
  8 rats
769 creatures vanquished.

Vanquished Creatures (collateral kills)
  Harold (D:10)
  Lodul (D:14)
  A yak (D:8)
  4 orc warriors
  A centaur (D:9)
  A bullfrog (D:9)
  A howler monkey (D:9)
  2 orc priests (D:9)
  An orc wizard (D:9)
  A gnoll (D:10)
  A river rat (D:10)
  2 orcs
  An endoplasm (D:1)
  A hobgoblin (D:1)
19 creatures vanquished.

Vanquished Creatures (others)
  A slime creature (D:12)
  A yak (D:8)
  5 humans (Lair:4)
  2 orc warriors
9 creatures vanquished.

Grand Total: 797 creatures vanquished

Notes
Turn   | Place    | Note
-------+----------+-------------------------------------------
     0 | D:1      | Armakuni the Human Artificer began the quest for the Orb.
     0 | D:1      | Reached XP level 1. HP: 15/15 MP: 1/1
   123 | D:1      | Reached XP level 2. HP: 20/21 MP: 2/2
   637 | D:1      | Reached XP level 3. HP: 26/26 MP: 3/3
  1068 | D:2      | Found a bloodstained altar of Trog.
  1261 | D:2      | Reached XP level 4. HP: 31/32 MP: 4/4
  1277 | D:2      | Identified the +8 whip "Piblitoury" {heavy, rPois rCorr
                  | MP+9 Int-4}
  1300 | D:2      | Found a faded altar of an unknown god.
  1664 | D:2      | Reached skill level 1 in Maces & Flails
  1664 | D:2      | Reached skill level 5 in Evocations
  1835 | D:3      | Found Loavew's Distillery.
  1842 | D:3      | Bought a potion of attraction for 33 gold pieces
  1842 | D:3      | Bought a potion of heal wounds for 55 gold pieces
  1920 | D:3      | Reached XP level 5. HP: 37/37 MP: 5/5
  1936 | D:3      | Found a shadowy altar of Dithmenos.
  2004 | D:3      | Found Luvi's Antique Weapon Shop.
  2844 | D:4      | Reached XP level 6. HP: 43/43 MP: 6/6
  3355 | D:4      | Noticed an ogre
  3358 | D:4      | Killed an ogre
  3359 | D:4      | Reached XP level 7. HP: 31/48 MP: 7/7
  3958 | D:5      | Entered Level 5 of the Dungeon
  4014 | D:5      | Found a hazy altar of Hepliaklqana.
  4084 | D:5      | Noticed a water moccasin
  4089 | D:5      | Killed a water moccasin
  4090 | D:5      | Reached XP level 8. HP: 54/54 MP: 8/8
  4148 | D:5      | Reached skill level 5 in Maces & Flails
  4429 | D:5      | Found a glowing golden altar of the Shining One.
  4833 | D:6      | Found a staircase to the Ecumenical Temple.
  4920 | Temple   | Entered the Ecumenical Temple
  4930 | Temple   | Became a worshipper of Vehumet
  5051 | D:6      | Reached XP level 9. HP: 52/59 MP: 9/9
  5116 | D:6      | Found a sand-covered staircase.
  5125 | Ossuary  | Entered an ossuary
  5203 | Ossuary  | Reached * piety under Vehumet
  5203 | Ossuary  | Offered knowledge of Magic Dart by Vehumet.
  5580 | D:7      | Reached ** piety under Vehumet
  5586 | D:6      | Offered knowledge of Kiss of Death by Vehumet.
  5850 | D:7      | Reached skill level 10 in Evocations
  5926 | D:7      | Reached XP level 10. HP: 53/65 MP: 10/10
  5952 | D:7      | Learned a level 2 spell: Blink
  5955 | D:7      | Learned a level 2 spell: Lesser Beckoning
  6019 | D:7      | Offered knowledge of Dazzling Flash by Vehumet.
  6444 | D:8      | Noticed Maurice
  6499 | D:7      | Reached *** piety under Vehumet
  6509 | D:7      | Maurice stole a ring of see invisible
  6513 | D:7      | Something stole a +0 flail of flaming
  6514 | D:7      | Something stole 249 gold
  6516 | D:7      | Something stole 2 curare-tipped darts
  6519 | D:7      | Killed Maurice
  6520 | D:7      | Reached skill level 10 in Maces & Flails
  6612 | D:8      | Noticed Jeremiah
  6620 | D:8      | Killed Jeremiah
  6751 | D:8      | Noticed a two-headed ogre
  6751 | D:8      | Noticed Psyche
  6766 | D:8      | Killed a two-headed ogre
  6766 | D:8      | Offered knowledge of Volatile Blastmotes by Vehumet.
  6767 | D:8      | Reached XP level 11. HP: 72/72 MP: 11/11
  6767 | D:8      | Noticed Psyche
  6786 | D:8      | Killed Psyche the naga
  6985 | D:8      | Paralysed by a hornet for 2 turns
  7091 | D:9      | Noticed a two-headed ogre
  7254 | D:9      | Found a staircase to the Orcish Mines.
  7344 | D:9      | Found Gozag's Platinum Reserve.
  7351 | D:9      | Found an opulent altar of Gozag.
  7362 | D:9      | Found Nerch's Changing Room.
  7398 | D:9      | Reached **** piety under Vehumet
  7433 | D:9      | Bought a potion of lignification for 33 gold pieces
  7443 | D:9      | Offered knowledge of Irradiate by Vehumet.
  7460 | D:9      | Learned a level 5 spell: Irradiate
  7482 | D:9      | Reached skill level 1 in Spellcasting
  7567 | D:9      | Killed a two-headed ogre
  8290 | D:9      | Found a bloodstained altar of Trog.
  8346 | D:9      | Reached skill level 5 in Spellcasting
  8446 | D:10     | Entered Level 10 of the Dungeon
  8492 | D:10     | Noticed a death yak
  8507 | D:10     | Noticed a death yak
  8517 | D:10     | Noticed a death yak
  8519 | D:10     | Found a staircase to the Lair.
  8523 | D:10     | Found a sacrificial altar of Ru.
  8537 | D:10     | Found a flagged portal.
  8550 | Bailey   | Entered a bailey
  8633 | Bailey   | Reached ***** piety under Vehumet
  8639 | Bailey   | Offered knowledge of Olgreb's Toxic Radiance by Vehumet.
  8698 | Bailey   | Noticed an orc knight
  8741 | Bailey   | Killed an orc knight
  8809 | Bailey   | Found a large runed translucent door.
  8809 | Bailey   | Found a large runed translucent door.
  8810 | Bailey   | Noticed a deep elf pyromancer
  8893 | Bailey   | Killed a deep elf pyromancer
  8894 | Bailey   | Reached skill level 5 in Armour
  8894 | Bailey   | Reached XP level 12. HP: 84/84 MP: 19/19
  8991 | D:10     | Killed a death yak
  8992 | D:10     | Reached skill level 5 in Fighting
  8992 | D:10     | Reached skill level 5 in Dodging
  8992 | D:10     | Reached skill level 1 in Conjurations
  9100 | D:10     | Noticed Harold
  9121 | D:10     | Killed Harold
  9122 | D:10     | Reached skill level 3 in Conjurations
  9149 | D:10     | Identified the ring of Suwosaah {rPois rN+ Str+3 SInv}
  9233 | D:10     | Reached skill level 4 in Conjurations
  9307 | D:9      | Killed a death yak
  9310 | D:9      | Reached skill level 5 in Conjurations
  9337 | D:9      | Killed a death yak
  9522 | D:10     | Reached skill level 6 in Conjurations
  9563 | D:10     | Noticed a two-headed ogre
  9573 | D:10     | Killed a two-headed ogre
  9574 | D:10     | Reached skill level 7 in Conjurations
 10097 | D:11     | Reached skill level 8 in Conjurations
 10604 | D:11     | Reached skill level 1 in Translocations
 10688 | D:11     | Noticed a two-headed ogre
 10697 | D:11     | Killed a two-headed ogre
 10755 | D:11     | Reached XP level 13. HP: 50/91 MP: 20/20
 11062 | D:11     | Reached skill level 5 in Translocations
 11179 | D:12     | Identified the +0 helmet of Viny Liberty {Harm rPois Str-2
                  | Dex+5}
 11203 | D:12     | You fall into a shaft and drop 2 floors!
 11221 | D:14     | Found a snail-covered altar of Cheibriados.
 11276 | D:14     | Noticed a centaur warrior
 11428 | D:12     | Offered knowledge of Freezing Cloud by Vehumet.
 11448 | D:12     | Learned a level 5 spell: Freezing Cloud
 11563 | D:12     | Noticed Sonja
 11567 | D:12     | Sonja changed into Sonja the tengu
 11567 | D:12     | Noticed Sonja
 11572 | D:12     | Killed Sonja the tengu
 11848 | D:12     | Reached skill level 1 in Ice Magic
 11848 | D:12     | Reached skill level 1 in Air Magic
 12090 | D:13     | Learned a level 1 spell: Apportation
 12147 | D:13     | Reached skill level 9 in Conjurations
 12170 | D:13     | Noticed Rupert
 12199 | D:13     | Paralysed by Rupert for 3 turns
 12205 | D:13     | Killed Rupert
 12741 | D:14     | Killed a centaur warrior
 12760 | D:14     | Noticed Lodul
 12767 | D:14     | Killed Lodul
 13131 | D:3      | Bought a crude hand axe for 232 gold pieces
 13131 | D:3      | Identified the +11 hand axe "Zapuwn" {heavy, rC+ Int+3}
                  | (You bought it in a shop on level 3 of the Dungeon)
 13332 | Lair:1   | Entered Level 1 of the Lair of Beasts
 13336 | Lair:1   | Reached skill level 1 in Shields
 13336 | Lair:1   | Reached XP level 14. HP: 96/98 MP: 15/21
 13884 | Lair:1   | Reached skill level 5 in Shields
 14685 | Lair:2   | Reached skill level 10 in Conjurations
 14965 | Lair:2   | Noticed Gastronok
 14975 | Lair:2   | Killed Gastronok
 15297 | Lair:2   | Found a staircase to the Snake Pit.
 15479 | Lair:2   | Offered knowledge of Fireball by Vehumet.
 15483 | Lair:2   | Reached skill level 11 in Conjurations
 16069 | Lair:3   | Found a staircase to the Swamp.
 16605 | Lair:3   | Identified the +5 dagger "Newtbane" {heavy, Str+6}
 17579 | Lair:4   | Noticed Kirke
 17603 | Lair:4   | Reached skill level 1 in Axes
 17641 | Lair:4   | Found a frozen archway.
 17655 | IceCv    | Entered an ice cave
 18703 | Lair:4   | Found a staircase to the Slime Pits.
 18704 | Lair:4   | Found a viscous altar of Jiyva.
 18743 | Lair:4   | Reached skill level 1 in Transmutations
 18743 | Lair:4   | Reached XP level 15. HP: 62/103 MP: 13/24
 18926 | Lair:4   | Killed Kirke
 19283 | Lair:4   | Offered knowledge of Orb of Destruction by Vehumet.
 19786 | Lair:5   | Entered Level 5 of the Lair of Beasts
 20553 | Lair:5   | Found a large runed translucent door.
 20804 | Lair:5   | Found a large runed translucent door.
 21059 | Lair:5   | Reached skill level 10 in Spellcasting
 21068 | Lair:5   | Identified the +6 quarterstaff of Beironye {heavy, Dex+5
                  | SInv}
 21088 | Lair:5   | Upgraded the game from 0.31-a0-844-gdc52ec4e09 to
                  | 0.31-a0-848-gaac375c287
 21240 | Orc:1    | Entered Level 1 of the Orcish Mines
 21245 | Orc:1    | Reached skill level 12 in Conjurations
 21319 | Orc:1    | Offered knowledge of Starburst by Vehumet.
 21693 | Orc:2    | Entered Level 2 of the Orcish Mines
 21735 | Orc:2    | Reached skill level 13 in Conjurations
 21752 | Orc:2    | Reached XP level 16. HP: 107/109 MP: 27/30
 21860 | Orc:2    | Reached skill level 14 in Conjurations
 21999 | Orc:2    | Reached ****** piety under Vehumet
 22299 | Orc:2    | Found a staircase to the Elven Halls.
 22423 | Orc:2    | Found Zacinwips's Weapon Shoppe.
 22423 | Orc:2    | Found Karrorgh's Jewellery Shop.
 22423 | Orc:2    | Found Quxogouw's General Store.
 22423 | Orc:2    | Found Onlafri's Distillery.
 22477 | Orc:2    | Found Xats's Book Shop.
 22487 | Orc:2    | Bought a book of Blasting for 392 gold pieces
 22487 | Orc:2    | Bought Yhofruink's Thoughts on the Wayfarer and Gloom for
                  | 476 gold pieces
 22494 | Orc:2    | Learned a level 4 spell: Iskenderun's Mystic Blast
 23301 | D:14     | Offered knowledge of Arcjolt by Vehumet.
 23340 | D:14     | Reached skill level 15 in Conjurations
 23384 | D:14     | HP: 2/109 [deep elf archer/arrow (24)]
 23389 | D:14     | HP: 1/109 [deep elf archer/arrow (11)]
 23390 | D:14     | Shot with an arrow by a deep elf archer

Illustrated notes

Levels and vault maps discovered:
D:1:      psy_arrival_heroes, layout_basic, minmay_misc_feat_four_crosses,
          minmay_circled_x
D:2:      layout_loops_ring, ebering_ecumenical_altar_hall, basic_altar
D:3:      layout_basic, nicolae_dithmenos_the_darkroom, serial_shops, shop,
          nicolae_shop_waterfront, chequers_serial_rivers_room_a,
          grunt_ministairs_12
D:4:      layout_layer_cave
D:5:      layout_loops_ring, mainiacjoe_overflow_24_doors, kennysheep_mini_moat,
          dk_vineyard_1
D:6:      layout_basic, minmay_temple_entry_large_hall,
          nicolae_ossuary_entry_catacombs, nicolae_titane
D:7:      nicolae_BIG_FREAKIN_CUBE, layout_cave_pools,
          dreamdust_princess_corridor, st_stairs_13, kennysheep_minor_cross,
          grunt_ministairs_12, serial_bayou_pond_c
D:8:      layout_basic, minmay_misc_feat_chi, uniq_jeremiah, uniq_psyche,
          uniq_maurice
D:9:      minmay_imperfect_grid, layout_irregular_city,
          nicolae_gozag_zags_fifth_avenue, trog_butcher_becter, david_orc_3,
          grunt_ministairs_13, hangedman_abyss_or_decor_lesser_grid,
          nicolae_transmutations_shop
D:10:     layout_loops_ring, nicolae_ru_sacrificial_ziggurat,
          dpeg_lair_monsters, lightli_bailey_entry_fortress, uniq_harold
D:11:     layout_irregular_city
D:12:     layout_stronghold, minmay_fractal_squares_diagonal_5, uniq_sonja
D:13:     layout_roguey, uniq_rupert
D:14:     minmay_elf_outpost, layout_gridville, erik_vaults_1,
          cheibriados_altar_1, uniq_lodul
Temple:   nicolae_temple_x_marks_the_god
Lair:1:   layout_hall_layers
Lair:2:   layout_loops_ring, nicolae_snake_entry_warm_welcome,
          grunt_forest_large_clearing_hut, uniq_gastronok
Lair:3:   layout_layer_cave, swamp_mist_pool
Lair:4:   layout_layer_cave, slime_entry_1, portal_ice_cave_entry_pillars_1,
          grunt_megastairs_5, uniq_kirke
Lair:5:   cheibrodos_lair_end_hotspot, layout_concentric_octagons
Orc:1:    layout_caves
Orc:2:    st_orc_ogre_mass, layout_caves, serial_shops,
          nicolae_shop_window_shopping

Skill      XL: |  1  2  3  4  5  6  7  8  9 10 11 12 13 14 15 16 |
---------------+-------------------------------------------------+-----
Evocations     | 4 5 6 7 8 10 | 10.0
Maces & Flails | 1 2 3 4 6 8 12 | 12.2
Fighting       | 2 4 5 |  5.0
Dodging        | 2 4 5 |  5.0
Armour         | 5 |  5.0
Spellcasting   | 5 6 10 | 10.0
Conjurations   | 8 9 11 13 15 | 15.1
Translocations | 3 8 |  8.1
Ice Magic      | 4 |  4.1
Air Magic      | 4 |  4.1
Shields        | 1 6 |  6.0
Axes           | 2 |  2.3
Transmutations | 1 4 |  4.0
Stealth        | |  1.0

Action                     |  1- 3 |  4- 6 |  7- 9 | 10-12 | 13-15 | 16-18 || total
---------------------------+-------+-------+-------+-------+-------+-------++-------
  Melee: Club              |   138 |       |       |       |       |       ||   138
         Punch             |     1 |     1 |     3 |     9 |     5 |       ||    19
         Flail             |    12 |     2 |       |       |       |       ||    14
         Whip              |       |    89 |   339 |   723 |   237 |       ||  1388
         Unarmed           |       |       |       |     2 |       |       ||     2
         Hand axe          |       |       |       |       |   345 |   104 ||   449
  Throw: Dart              |       |       |       |     4 |    21 |     4 ||    29
   Cast: Blink             |       |       |       |     1 |       |       ||     1
         Freezing Cloud    |       |       |       |       |    96 |    42 ||   138
         Irradiate         |       |       |       |       |    24 |     8 ||    32
         Apportation       |       |       |       |       |     1 |       ||     1
         Iskenderun's Myst |       |       |       |       |       |     3 ||     3
  Evoke: Wand              |     4 |     1 |     8 |    31 |    24 |     1 ||    69
         Phial of floods   |       |       |       |     1 |     2 |       ||     3
         Box of beasts     |       |       |       |     1 |     1 |       ||     2
    Use: Scroll            |     1 |    11 |     4 |    10 |    12 |       ||    38
         Potion            |       |       |       |     2 |     5 |     2 ||     9
   Stab: Sleeping          |       |       |     3 |       |     2 |       ||     5
         Paralysed         |       |       |       |     6 |    19 |       ||    25
         Distracted        |       |       |       |     2 |       |       ||     2
         Invisible         |       |       |       |     4 |       |       ||     4
         Betrayed ally     |       |       |       |     1 |       |       ||     1
 Armour: Leather armour    |     6 |       |   214 |     4 |       |       ||   224
         Ring mail         |   109 |    91 |    36 |   553 |       |       ||   789
         Troll leather arm |       |       |       |    22 |   506 |   122 ||   650
  Dodge: Dodged            |   113 |    70 |   194 |   455 |   374 |    76 ||  1282
         Repelled          |       |       |       |       |     4 |     3 ||     7
  Block: Buckler           |       |       |       |       |   102 |    35 ||   137

Table legend: (Time is in decaauts)
 A = Elapsed time spent in this place.
 B = Non-inter-level travel time spent in this place.
 C = Inter-level travel time spent in this place.
 D = Time resting spent in this place.
 E = Time spent auto-exploring this place.
 F = Levels seen in this place.
 G = Mean time per level.
                   A        B        C        D        E       F      G
               +--------+--------+--------+--------+--------+-----+--------+
         Total |  23546 |  22076 |   1470 |   3793 |  12381 |  25 |  941.8 |
       Dungeon |  13369 |  12240 |   1129 |    815 |   7615 |  14 |  954.9 |
        Temple |     20 |     11 |      9 |      0 |      0 |   1 |   20.0 |
          Lair |   6932 |   6695 |    237 |   2324 |   3419 |   5 | 1386.4 |
  Orcish Mines |   1595 |   1503 |     92 |    222 |    817 |   2 |  797.5 |
       Ossuary |    155 |    155 |      0 |      0 |     65 |   1 |  155.0 |
        Bailey |    397 |    397 |      0 |     56 |     93 |   1 |  397.0 |
      Ice Cave |   1074 |   1074 |      0 |    376 |    371 |   1 | 1074.0 |
               +--------+--------+--------+--------+--------+-----+--------+

Top non-repeatable levels by time:
  Lair:3: 1887 daAuts
  Lair:5: 1374 daAuts
     D:4: 1372 daAuts
  Lair:2: 1353 daAuts
     D:9: 1316 daAuts
  Lair:4: 1205 daAuts
  Lair:1: 1112 daAuts
    D:10: 1105 daAuts
   IceCv: 1074 daAuts
    D:11: 1067 daAuts
     D:1: 977 daAuts
    D:12: 960 daAuts
   Orc:2: 950 daAuts
     D:7: 946 daAuts
     D:3: 929 daAuts
